 Dungeon Crawl Stone Soup version 0.20-a0-947-g2784f4f (webtiles) character file.

268 Klosterheim the Destroyer (level 6, 0/32 HPs)
             Began as a Tengu Conjurer on Apr 3, 2017.
             Slain by a kobold
             ... wielding a +0 dagger
              (3 damage)
             ... on level 3 of the Dungeon.
             The game lasted 00:05:50 (4008 turns).

Klosterheim the Destroyer (Tengu Conjurer)          Turns: 4008, Time: 00:05:51

Health: 0/32       AC:  3    Str:  9    XL:     6   Next: 21%
Magic:  12/12      EV: 12    Int: 17    God:
Gold:   236        SH:  0    Dex: 14    Spells: 4/12 levels left

rFire    . . .     SeeInvis .   (no weapon)
rCold    . . .     Gourm    .   (no shield)
rNeg     . . .     Faith    .   a - +1 robe
rPois    .         Spirit   .   (helmet restricted)
rElec    .         Reflect  .   (no cloak)
rCorr    .         Harm     .   (no gloves)
MR       .....                  (boots unavailable)
Stlth    ++........             (no amulet)
Regen    0.1/turn               (no ring)
MPRegen  0.2/turn               (no ring)

@: no status effects
A: beak, talons 3, able to fly 1
a: Fly


You were on level 3 of the Dungeon.
You were hungry.

You visited 1 branch of the dungeon, and saw 4 of its levels.

You collected 236 gold pieces.

Inventory:

Armour
 a - a +1 robe (worn)
Jewellery
 j - an uncursed ring of protection from cold {unknown}
 k - a +4 ring of strength {unknown}
Scrolls
 i - 2 scrolls of immolation
 p - a scroll of amnesia
Potions
 e - a potion of haste
 f - 3 potions of curing
 g - a potion of lignification
 s - a potion of cancellation
Books
 b - a book of Conjurations

   Spells                             Type                      Level
   a - Magic Dart                     Conjuration                  1
   b - Searing Ray                    Conjuration                  2
   c - Dazzling Spray                 Conjuration/Hexes            3
   d - Fulminant Prism                Conjuration/Hexes            4
   e - Force Lance                    Conjuration/Translocation    4
   f - Iskenderun's Mystic Blast      Conjuration                  4
Comestibles
 c - 5 bread rations
 d - 3 meat rations
 q - a royal jelly
 r - a fruit


   Skills:
 - Level 2.1 Dodging
 - Level 2.0 Stealth
 + Level 3.8 Spellcasting
 * Level 8.3 Conjurations


You had 4 spell levels left.
You knew the following spells:

 Your Spells              Type           Power        Failure   Level  Hunger
a - Magic Dart            Conj           ####         1%          1    None
b - Dazzling Spray        Conj/Hex       ###...       10%         3    ###....
c - Fulminant Prism       Conj/Hex       ###.......   30%         4    ####...


Dungeon Overview and Level Annotations

Branches:
Dungeon (4/15)
 Temple: D:4-7

Altars:
Elyvilon
Hepliaklqana
Qazlal

Annotations:
D:4 Klosterheim's ghost, amateur GrEE; Sigmund


Innate Abilities, Weirdness & Mutations

You have a beak for a mouth.
You have claws for feet.
You can fly.


Message History

The kobold misses you. The kobold hits you with a dagger.
The kobold misses you. The kobold hits you with a dagger.
* * * LOW HITPOINT WARNING * * *
The kobold hits you but does no damage. The kobold completely misses you.
The kobold hits you with a dagger.
* * * LOW HITPOINT WARNING * * *
The kobold barely misses you. The kobold closely misses you.
The kobold barely misses you. The kobold hits you but does no damage.
The kobold hits you with a dagger.
* * * LOW HITPOINT WARNING * * *
The kobold hits you but does no damage. The kobold hits you with a dagger.
* * * LOW HITPOINT WARNING * * *
The kobold hits you with a dagger.
You die...

....<......# #########..#
##########.# #...#.).##.# #..#
###..#..#..#.# #$.#
#_..#..#..#..# #..#
##.#..#..#.### ###### #..#
##..###..## .....# #..#
########## #### ###..# #..#
#.K...... #..# #..# #@#
#..####..# #(# #........# #.#
##### ####.#†.##.# #.# #...#
........[..# #.# #?#.#
########.#.#####.#######.#.##
#
..#.###..#/##............##.#
#
##)##...##..#..#########.##.##
## #.#.8..##......# ##.#.##.#
#.


You could see a kobold.

Vanquished Creatures
  Natasha (thrice) (D:3)
  A worker ant (D:2)
  8 adders
  2 oozes
  2 worms (D:2)
  2 dart slugs (D:1)
  5 orcs (D:3)
  2 ball pythons
  5 giant cockroaches
  9 goblins
  7 hobgoblins
  6 jackals
  7 bats
  6 frilled lizards
  7 kobolds
  9 rats
81 creatures vanquished.

Vanquished Creatures (others)
  A ghoul (D:1)
  A minotaur (D:1)
  A draconian (D:1)
  An octopode (D:1)
  A gargoyle (D:1)
  A vine stalker (D:1)
  A formicid (D:1)
  A spriggan (D:1)
  2 humans (D:1)
  A dwarf (D:1)
  2 mummies (D:1)
  An orc (D:1)
  A kobold (D:1)
  2 fulminant prisms (D:3)
  7 tentacles (D:1)
24 creatures vanquished.

Grand Total: 105 creatures vanquished

Notes
Turn   | Place    | Note
-------+----------+-------------------------------------------
     0 | D:1      | Klosterheim the Tengu Conjurer began the quest for the Orb.
     0 | D:1      | Reached XP level 1. HP: 10/10 MP: 4/4
     2 | D:1      | Noticed a formicid
     2 | D:1      | Noticed a draconian
     2 | D:1      | Noticed an octopode
     2 | D:1      | Noticed a vine stalker
     2 | D:1      | Noticed a human
     2 | D:1      | Noticed a spriggan
     2 | D:1      | Noticed a kraken
     2 | D:1      | Noticed a gargoyle
     2 | D:1      | Noticed a human
     2 | D:1      | Noticed a minotaur
     2 | D:1      | Noticed a dwarf
     2 | D:1      | Noticed a ghoul
     4 | D:1      | Killed a human
     5 | D:1      | Killed an octopode
     6 | D:1      | Killed a spriggan
     8 | D:1      | Killed a formicid
     9 | D:1      | Killed a gargoyle
    10 | D:1      | Killed a ghoul
    11 | D:1      | Killed a dwarf
    11 | D:1      | Killed a vine stalker
    12 | D:1      | Killed a draconian
    14 | D:1      | Killed a minotaur
    15 | D:1      | Killed a human
   190 | D:1      | Reached XP level 2. HP: 15/15 MP: 1/6
   377 | D:1      | Reached skill level 6 in Conjurations
   610 | D:1      | Reached XP level 3. HP: 17/19 MP: 4/7
  1109 | D:1      | Learned a level 3 spell: Dazzling Spray
  1372 | D:2      | Found a hazy altar of Hepliaklqana.
  1403 | D:2      | Found a white marble altar of Elyvilon.
  1515 | D:2      | Reached XP level 4. HP: 20/24 MP: 6/9
  2023 | D:2      | Learned a level 4 spell: Fulminant Prism
  2027 | D:2      | Reached skill level 7 in Conjurations
  2483 | D:2      | Gained mutation: You can fly. [Tengu growth]
  2483 | D:2      | Reached XP level 5. HP: 25/28 MP: 2/10
  2896 | D:3      | Noticed Natasha
  2904 | D:3      | Killed Natasha
  3190 | D:3      | Found a stormy altar of Qazlal.
  3284 | D:3      | You fall through a shaft!
  3284 | D:4      | Noticed Sigmund
  3321 | D:4      | Noticed Klosterheim's ghost (amateur GrEE)
  3398 | D:3      | Noticed Natasha
  3403 | D:3      | Killed Natasha
  3403 | D:3      | Reached skill level 8 in Conjurations
  3403 | D:3      | Reached XP level 6. HP: 27/32 MP: 4/12
  3419 | D:3      | Noticed Natasha
  3424 | D:3      | Killed Natasha
  4008 | D:3      | Slain by a kobold

Vault maps used:
D:1:      nicolae_arrival_kraken_aquarium_b, minmay_unequal
D:2:      elyvilon_altar_5, lemuel_crystal_altar
D:3:      marbit_many_paths, roderic_batcave, grunt_decor_clamped,
          guppyfry_early_orc_mine, uniq_natasha
D:4:      minmay_temple_entry_enclosed_plants, nicolae_dithmenos_shadow_blocks,
          uniq_sigmund

Skill      XL: |  1  2  3  4  5 |
---------------+----------------+-----
Conjurations   | 6 7 8 |  8.3
Spellcasting   | 3 |  3.8
Dodging        | |  2.1
Stealth        | |  2.0

Action                   |  1- 3 |  4- 6 || total
-------------------------+-------+-------++-------
Melee: Unarmed           |    26 |     3 ||    29
       Kick              |     8 |       ||     8
       Peck              |     4 |     1 ||     5
 Cast: Magic Dart        |    68 |   103 ||   171
       Fulminant Prism   |       |     2 ||     2
       Dazzling Spray    |       |     1 ||     1
 Abil: Fly               |       |     1 ||     1
  Use: Scroll            |       |    10 ||    10
       Potion            |       |     2 ||     2
  Eat: Chunk             |     1 |     8 ||     9
       Fruit             |       |     2 ||     2
Armor: Robe              |     6 |    23 ||    29
Dodge: Dodged            |    21 |    67 ||    88
